 Dungeon Crawl Stone Soup version 0.20-a0-709-gd40821f (webtiles) character file.

179 KristoblXynda the Sneak (level 5, -4/24 HPs)
             Began as a Spriggan Enchanter on Feb 19, 2017.
             Was an Initiate of Ashenzari.
             Slain by an orc warrior
             ... wielding a +0 mace
              (13 damage)
             ... on level 4 of the Dungeon on Feb 21, 2017.
             The game lasted 00:10:58 (3876 turns).

KristoblXynda the Sneak (Spriggan Enchanter)        Turns: 3876, Time: 00:10:59

Health: -4/24      AC:  4    Str:  5    XL:     5   Next: 33%
Magic:  12/12      EV: 18    Int: 16    God:    Ashenzari [......]
Gold:   85         SH:  0    Dex: 17    Spells: 6/12 levels left

rFire    . . .     SeeInvis +   i - +2 short sword (flame) (curse)
rCold    . . .     Gourm    .   l - +2 robe {MR+}
rNeg     . . .     Faith    .   (shield restricted)
rPois    .         Spirit   .   (helmet restricted)
rElec    .         Reflect  .   (no cloak)
rCorr    .         Harm     .   (gloves unavailable)
MR       +....                  (boots unavailable)
Stlth    ++++......             (no amulet)
Regen    0.1/turn               (no ring)
MPRegen  0.2/turn               (no ring)

@: very quick
A: unfitting armour, see invisible, herbivore 3, speed 3, slow metabolism 2
a: Curse Item, Renounce Religion


You were on level 4 of the Dungeon.
You worshipped Ashenzari.
Ashenzari was noncommittal.
You were not hungry.

You visited 1 branch of the dungeon, and saw 4 of its levels.

You collected 85 gold pieces.

Inventory:

Hand Weapons
 b - a +2 dagger of flaming
 i - a cursed +2 short sword of flaming (weapon)
Armour
 h - a +0 buckler
 l - a +2 robe of magic resistance (worn)
Wands
 a - a wand of clouds (3/9)
Scrolls
 d - a scroll of remove curse
 e - 2 scrolls of immolation
 f - a scroll of amnesia
 g - a scroll of magic mapping {unknown}
Books
 c - a book of Maledictions

   Spells                             Type                      Level
   a - Corona                         Hexes                        1
   b - Ensorcelled Hibernation        Hexes/Ice                    2
   c - Confuse                        Hexes                        3
   d - Tukima's Dance                 Hexes                        3
   e - Dazzling Spray                 Conjuration/Hexes            3
 o - a book of Minor Magic

   Spells                             Type                      Level
   a - Magic Dart                     Conjuration                  1
   b - Blink                          Translocation                2
   c - Call Imp                       Summoning                    2
   d - Slow                           Hexes                        2
   e - Conjure Flame                  Conjuration/Fire             3
   f - Mephitic Cloud                 Conjuration/Poison/Air       3
Comestibles
 q - 2 bread rations
 s - a royal jelly


   Skills:
 - Level 1.1 Short Blades
 - Level 3.0 Dodging
 + Level 6.9 Stealth
 + Level 4.2 Spellcasting
 + Level 5.0 Hexes


You had 6 spell levels left.
You knew the following spells:

 Your Spells              Type           Power        Failure   Level  Hunger
a - Corona                Hex            ###....      1%          1    None
b - Ensorcelled Hibernat  Hex/Ice        ##....       10%         2    ##.....
c - Confuse               Hex            ###.....     8%          3    ###....


Dungeon Overview and Level Annotations

Branches:
Dungeon (4/15)
 Temple: D:4-7

Altars:
Ashenzari
Makhleb

Annotations:
D:4 Eustachio


Innate Abilities, Weirdness & Mutations

You are very small and have problems with some larger weapons.
You are too small for most types of armour.
You have supernaturally acute eyesight. (SInv)
You are a herbivore.
You cover ground extremely quickly.
You need consume almost no food.


Message History

The quokka barely misses you.
The orc warrior is engulfed in poison gas.
The orc warrior looks even sicker.
The orc wizard is engulfed in poison gas.
The orc wizard looks even sicker.
The orc warrior looks even sicker.
The orc wizard is engulfed in poison gas.
The orc wizard looks even sicker.
There is an open door here.
The orc wizard is engulfed in poison gas.
The orc wizard looks as sick as possible!
You kill the orc wizard!
Your Hexes skill increases to level 5!
The quokka disappears in a puff of smoke!
The orc warrior closely misses you.
You barely miss the orc warrior.
The orc warrior is almost dead.
The orc warrior hits you with a mace!
Ouch! That really hurt!
You die...

..#..###...........
..#..#....########.
.... .._..#....#..#
.... .o#..#....#..#
..... ..#..#....#..#
..... .###.#....'..#
......
.###.#....#'####+#.....
o###)..)...........#
...............o@..#
...................#
...................#
.........>.........#
...................#
...................#
############+###+###


You could see an orc warrior.

Vanquished Creatures
  Jessica (D:2)
  An orc wizard (D:4)
  5 adders
  An ooze (D:2)
  3 dart slugs
  4 leopard geckos
  An orc (D:4)
  5 bats
  4 giant cockroaches
  7 goblins
  2 hobgoblins
  11 jackals
  A quokka (D:3)
  8 frilled lizards
  7 kobolds
  11 rats
72 creatures vanquished.

Notes
Turn   | Place    | Note
-------+----------+-------------------------------------------
     0 | D:1      | KristoblXynda the Spriggan Enchanter began the quest for the Orb.
     0 | D:1      | Reached XP level 1. HP: 9/9 MP: 5/5
     0 | D:1      | Upgraded the game from 0.20-a0-689-g860b9ab to 0.20-a0-700-gbd4582c
   326 | D:1      | Reached XP level 2. HP: 13/13 MP: 6/6
   330 | D:1      | Learned a level 2 spell: Ensorcelled Hibernation
   408 | D:1      | Reached skill level 5 in Stealth
  1255 | D:1      | Upgraded the game from 0.20-a0-700-gbd4582c to 0.20-a0-709-gd40821f
  1653 | D:2      | Reached XP level 3. HP: 12/16 MP: 8/8
  1825 | D:2      | Reached skill level 6 in Stealth
  2089 | D:2      | Learned a level 3 spell: Confuse
  2414 | D:2      | Found a burning altar of Makhleb.
  2489 | D:2      | Reached XP level 4. HP: 19/21 MP: 10/10
  2717 | D:2      | Noticed Jessica
  2757 | D:2      | Killed Jessica
  3340 | D:3      | Reached XP level 5. HP: 24/24 MP: 4/11
  3668 | D:4      | Noticed Eustachio
  3668 | D:4      | Noticed an orc warrior
  3679 | D:4      | Found a shattered altar of Ashenzari.
  3686 | D:4      | Became a worshipper of Ashenzari the Shackled
  3867 | D:4      | Reached skill level 5 in Hexes
  3876 | D:4      | Slain by an orc warrior

Vault maps used:
D:1:      lightli_molten_gateway, serial_bayou, serial_bayou_shore_a,
          serial_bayou_pond_c, serial_bayou_ford_a, serial_bayou_pond_c,
          serial_bayou_pond_a
D:2:      overflow_temple_1_default, uniq_jessica
D:3:      minmay_misc_feat_more_columns
D:4:      nicolae_overflow_hidden_temple, first_bread,
          cheibrodos_ashenzari_chains, uniq_eustachio

Skill      XL: |  1  2  3  4  5 |
---------------+----------------+-----
Spellcasting   | 3 4 |  4.2
Stealth        | 5 6 |  6.9
Hexes          | 4 5 |  5.0
Short Blades   | |  1.1
Dodging        | |  3.0

Action                   |  1- 3 |  4- 6 || total
-------------------------+-------+-------++-------
Melee: Dagger            |   176 |    38 ||   214
       Short sword       |    16 |    72 ||    88
 Cast: Ensorcelled Hiber |    18 |    10 ||    28
       Corona            |     1 |       ||     1
       Confuse           |       |     4 ||     4
Invok: Curse Item        |       |     1 ||     1
Evoke: Wand              |       |     1 ||     1
  Use: Potion            |     2 |     2 ||     4
       Scroll            |     2 |     9 ||    11
 Stab: Sleeping          |    15 |    14 ||    29
       Distracted        |     2 |       ||     2
       Confused          |       |     1 ||     1
  Eat: Bread ration      |       |     1 ||     1
Armor: Robe              |    14 |    41 ||    55
Dodge: Dodged            |   152 |   218 ||   370
